 Dungeon Crawl Stone Soup version 0.18-a0-184-g0fcaa26 (webtiles) character file.

98 Arkorax the Insei (level 4, -1/25 HPs)
             Began as a Vine Stalker Monk on Nov 23, 2015.
             Slain by Grinder (4 damage)
             ... while paralysed by something
             ... on level 3 of the Dungeon.
             The game lasted 00:03:54 (1798 turns).

Arkorax the Insei (Vine Stalker Monk)               Turns: 1798, Time: 00:03:54

Health: -1/25      AC:  5    Str: 14    XL:     4   Next: 69%
Magic:  0/5        EV: -3    Int: 10    God:
Gold:   116        SH:  0    Dex: 17    Spells: 0 memorised, 3 levels left

rFire  . . .     SeeInvis .       - Unarmed
rCold  . . .     Clarity  .     v - +0 ring mail
rNeg   . . .     SustAt   .     (no shield)
rPois  .         Gourm    .     (no helmet)
rElec  .         Spirit   +     (no cloak)
rCorr  .         Warding  .     (no gloves)
rMut   .         Stasis   .     (no boots)
MR     .....                    k - amulet of guardian spirit
Stlth  ++........               (no ring)
                                (no ring)

@: paralysed, not resistant to hostile enchantments, unstealthy
A: fangs 2, regeneration 1, magic shield, antimagic bite, no device heal 3, rot
immunity
a: no special abilities


You were on level 3 of the Dungeon.
You were hungry.

You visited 1 branch of the dungeon, and saw 3 of its levels.

You collected 116 gold pieces.

Inventory:

Hand Weapons
 p - a +0 blowgun
Missiles
 q - 18 poisoned needles
Armour
 v - a +0 ring mail (worn)
Jewellery
 k - an amulet of guardian spirit (around neck)
Wands
 r - a wand of random effects (1)
Scrolls
 c - a scroll of random uselessness {unknown}
 d - 3 scrolls of identify {unknown}
 e - a scroll of fear {unknown}
 h - a scroll of enchant armour {unknown}
 j - 3 scrolls of teleportation {unknown}
 l - a scroll of remove curse {unknown}
 m - a scroll of noise {unknown}
Potions
 a - a potion of cure mutation {unknown}
 g - a potion of mutation {unknown}
 s - a potion of haste {unknown}
 t - a potion of cancellation {unknown}
 u - a potion of brilliance {unknown}
Comestibles
 b - a bread ration
 f - a slice of pizza
 i - 2 beef jerkies
 n - 3 fruits
 o - a meat ration


   Skills:
 + Level 3.8 Fighting
 - Level 2.4 Dodging
 - Level 2.4 Stealth
 + Level 5.1 Unarmed Combat


You had 3 spell levels left.
You didn't know any spells.

Dungeon Overview and Level Annotations

Branches:
Dungeon (3/15)

Altars:

Annotations:
D:3 Grinder


Innate Abilities, Weirdness & Mutations

You have extremely sharp teeth.
Your natural rate of healing is unusually fast.
When hurt, damage is shared between your health and your magic reserves.
Your bite disrupts and absorbs the magic of your enemies.
Potions and wands cannot restore your health.
You are immune to rotting.


Message History

There is a stone staircase leading up here.
You closely miss something. You bite something. You closely miss something.
Your bite misses something.
Something tries to affect you, but you resist.
You closely miss something. Something hits you.
You writhe in agony.
You hit something. Something hits you!
* * * LOW HITPOINT WARNING * * *
You writhe in agony.
* * * LOW HITPOINT WARNING * * *
You hit something. Your punch misses something. Your bite misses something.
Something completely misses you.
You miss something. You bite something.
Unknown command.
Something hits you but does no damage.
There is a stone staircase leading up here.
You suddenly lose the ability to move!
Something hits you.
* * * LOW HITPOINT WARNING * * *
You writhe in agony.
You die...

#.####.# ##'## #.#
#......# #.# #.#
#.###### #.# #.# #.#
##.## #.# #.#
##...##########.#
#.########
#............##.#
#....)...#
##...#.#####.##.#
########.#
##.##.##.......#
#.#####@##.##.##.####
#................#
#######.#####.####
#.# ### ####.#####
#........# #.##.###.#
####### # #.# #.#
#.....#
##.###.###.###.#


There were no monsters in sight!

Vanquished Creatures
  4 adders
  2 oozes (D:1)
  2 giant geckos
  5 orcs (D:3)
  2 ball pythons (D:2)
  4 bats
  2 giant cockroaches
  6 goblins
  8 hobgoblins
  2 giant newts (D:2)
  3 jackals (D:3)
  6 kobolds
  3 rats
49 creatures vanquished.

Notes
Turn   | Place    | Note
--------------------------------------------------------------
     0 | D:1      | Arkorax the Vine Stalker Monk began the quest for the Orb.
     0 | D:1      | Reached XP level 1. HP: 11/11 MP: 2/2
   297 | D:1      | Reached XP level 2. HP: 13/16 MP: 1/3
   692 | D:2      | Reached XP level 3. HP: 20/20 MP: 4/4
  1220 | D:2      | Reached XP level 4. HP: 25/25 MP: 5/5
  1511 | D:3      | Reached skill level 5 in Unarmed Combat
  1686 | D:3      | Noticed Grinder
  1695 | D:3      | Paralysed by Grinder for 4 turns
  1788 | D:3      | HP: 1/25 [something (4)]
  1797 | D:3      | Paralysed by something for 7 turns
  1798 | D:3      | Slain by Grinder

Vault maps used:
D:1:      dpeg_arrival_three_same_balls
D:3:      uniq_grinder, uniq_sigmund

Action                   |  1- 3 |  4- 6 || total
-------------------------+-------+-------++-------
Melee: Unarmed           |    85 |    64 ||   149
Evoke: Wand              |       |     5 ||     5
 Stab: Sleeping          |     9 |     2 ||    11
       Distracted        |     1 |       ||     1
  Eat: Chunk             |     1 |     1 ||     2
